 Dungeon Crawl Stone Soup version 0.23-a0-310-gdcc7a32 (webtiles) character file.

16789 namelastname112 the Immaculate (level 12, -5/105 HPs)
             Began as a Red Draconian Assassin on Oct 12, 2018.
             Was a High Priest of Zin.
             Slain by a troll (10 damage)
             ... on level 13 of the Dungeon.
             The game lasted 00:33:35 (15972 turns).

namelastname112 the Immaculate (DrAs)              Turns: 15972, Time: 00:33:36

Health: -5/105     AC: 10    Str: 14    XL:     12   Next: 13%
Magic:  19/19      EV: 17    Int: 18    God:    Zin [*****.]
Gold:   419        SH:  0    Dex: 17    Spells: 11/11 levels left

rFire    . . .     SeeInvis .   E - +10 rapier of Callousness {pierce, rF- Int+6}
rCold    . . .     Gourm    .   (no shield)
rNeg     . . .     Faith    .   (armour unavailable)
rPois    .         Spirit   .   (helmet restricted)
rElec    .         Reflect  .   c - +0 cloak
rCorr    .         Harm     +   w - +0 pair of gloves
MR       .....                  (no boots)
Stlth    ++++......             m - amulet of harm
HPRegen  0.27/turn              (no ring)
MPRegen  0.16/turn              (no ring)

@: no status effects
A: breathe fire, unfitting armour, fire resistance 1, cold-blooded, AC +8
a: Breathe Fire, Recite, Vitalisation, Imprison, Sanctuary, Donate Gold,
Renounce Religion


You were on level 13 of the Dungeon.
You worshipped Zin.
Zin was extremely pleased with you.
You were not hungry.

You visited 2 branches of the dungeon, and saw 14 of its levels.
You also visited: Sewer.

You collected 844 gold pieces.
You spent 282 gold pieces at shops.
You donated 143 gold pieces to Zin.

Inventory:

Hand Weapons
 b - a +0 blowgun
 l - a +1 dagger of venom
 E - the +10 rapier of Callousness (weapon) {pierce, rF- Int+6}
   (You bought it in a shop on level 8 of the Dungeon)

   It inflicts extra damage upon your enemies.
   It affects your intelligence (+6).
   It makes you vulnerable to fire.
Missiles
 d - 78 poisoned needles
 e - 2 curare-tipped needles
 y - a throwing net (quivered)
Armour
 c - a +0 cloak (worn)
 w - a +0 pair of gloves (worn)
Jewellery
 m - an amulet of harm (around neck)
Wands
 x - a wand of flame (28)
 B - a wand of enslavement (5)
 H - a wand of disintegration (18)
Scrolls
 a - a scroll of acquirement {unknown}
 i - 6 scrolls of teleportation
 j - 2 scrolls of enchant weapon
 k - a scroll of holy word {unknown}
 p - 3 scrolls of remove curse
 s - a scroll of immolation
 D - a scroll of enchant armour
 F - a scroll of amnesia
 I - a scroll of blinking
Potions
 g - 7 potions of curing
 h - 7 potions of brilliance
 n - 4 potions of lignification
 o - 2 potions of cancellation
 q - 5 potions of might
 r - 6 potions of flight
 t - 5 potions of heal wounds
 u - 5 potions of agility
 v - a potion of resistance
 A - 3 potions of haste
Comestibles
 f - 15 rations
 z - a chunk of flesh


   Skills:
 + Level 9.4 Fighting
 + Level 8.4 Short Blades
 - Level 6.0 Throwing
 + Level 7.5 Dodging
 + Level 9.1 Stealth
 + Level 10.5 Invocations


You had 11 spell levels left.
You didn't know any spells.
Your spell library contained the following spells:

 Spells                   Type           Power        Failure   Level  Hunger
 Animate Skeleton         Necr           N/A          22%         1    ##.....
 Apportation              Tloc           #.....       22%         1    ##.....
 Beastly Appendage        Tmut           #.....       22%         1    ##.....
 Confusing Touch          Hex            #.....       22%         1    ##.....
 Sting                    Conj/Pois      #...         22%         1    ##.....
 Summon Butterflies       Summ           #.......     22%         1    ##.....
 Summon Small Mammal      Summ           #...         22%         1    ##.....
 Corpse Rot               Necr           N/A          32%         2    ###....
 Poisonous Vapours        Pois/Air       #.....       32%         2    ###....
 Sticks to Snakes         Tmut           #.......     32%         2    ###....
 Lesser Beckoning         Tloc           #.........   54%         3    ####...
 Mephitic Cloud           Conj/Pois/Air  #.......     54%         3    ####...
 Spider Form              Tmut/Pois      #.........   54%         3    ####...
 Tukima's Dance           Hex            #.......     54%         3    ####...
 Ice Form                 Ice/Tmut       #.......     91%         4    #####..
 Olgreb's Toxic Radiance  Pois           #.......     91%         4    #####..
 Summon Ice Beast         Ice/Summ       #.......     91%         4    #####..
 Alistair's Intoxication  Tmut/Pois      #.......     99%         5    ######.
 Blade Hands              Tmut           #.........   99%         5    ######.
 Bolt of Draining         Conj/Necr      #.........   99%         5    ######.
 Venom Bolt               Conj/Pois      #.........   99%         5    ######.
 Invisibility             Hex            #.......     100%        6    #######


Dungeon Overview and Level Annotations

Branches:
Dungeon (13/15)            Temple (1/1) D:4            Lair (0/6) D:9
    Orc (0/2) D:9
 Vaults: D:13-14

Altars:
Cheibriados
Dithmenos
Elyvilon
Gozag
Hepliaklqana
Kikubaaqudgha
Makhleb
Nemelex Xobeh
Okawaru
Qazlal
Ru
Sif Muna
Trog
Uskayaw
Vehumet
Wu Jian
Xom
Zin
Jiyva

Shops:
D:7 ?   D:8 (   D:10 (   D:12 !

Annotations:
D:9 2 exclusions


Innate Abilities, Weirdness & Mutations

You can breathe blasts of fire.
Your fiery red scales are hard. (AC +8)
You cannot fit into any form of body armour.
Your flesh is heat resistant. (rF+)
You are cold-blooded and may be slowed by cold attacks.


Message History

The two-headed ogre hits you with a giant club!
The troll bites you. The troll misses you. The troll claws you!
You take 33 damage, and have 55/105 hp.
MASSIVE DAMAGE!!
You puncture the two-headed ogre!
You tail-slap the two-headed ogre, but do no damage.
The two-headed ogre is heavily wounded.
The troll bites you! The troll barely misses you. x2
You take 8 damage, and have 47/105 hp.
You puncture the two-headed ogre!
You tail-slap the two-headed ogre, but do no damage.
The two-headed ogre is severely wounded.
The troll bites you!
* * * LOW HITPOINT WARNING * * *
The troll claws you!
* * * LOW HITPOINT WARNING * * *
The troll claws you!
* * * LOW HITPOINT WARNING * * *
You take 43 damage, and have 4/105 hp.
MASSIVE DAMAGE!!
You fail to use your ability.
The troll misses you. The troll claws you!
You die...

###### .# .#...###
##.######### .###...#
#..........#
.....#.##
#..........#
####.#..##
#..........#
..##..###..!.......#
.#####...#..........#
#. ###.#....O"....# #
#.#....@!....#
#.......T....#
###..........#
#..........# #
#########.## # .#
##### # ....# ....#


You could see a two-headed ogre (confused) and a troll.

Vanquished Creatures
  Josephine (D:12)
  Erica (D:11)
  2 two-headed ogres (D:12)
  Nergalle (D:10)
  3 cyclopes
  A deep elf mage (D:12)
  2 manticores (D:13)
  An ugly thing (D:12)
  A centaur zombie (D:12)
  Prince Ribbit (D:5)
  4 hippogriffs
  5 wraiths (D:12)
  Sigmund (D:4)
  A shadow (D:13)
  9 yaks
  2 hungry ghosts
  2 vampire mosquitoes (D:12)
  A basilisk (D:13)
  Menkaure (D:5)
  A water moccasin (D:7)
  2 porcupines (D:9)
  8 orc warriors
  3 black bears
  A sky beast (D:12)
  4 ice beasts
  A phantom (D:7)
  4 ogres
  4 centaurs
  A crocodile (D:13)
  3 big kobolds
  Blork the orc (D:6)
  7 bullfrogs
  2 wyvern zombies
  A water moccasin zombie (D:7)
  7 scorpions
  2 wyvern skeletons
  3 wights (D:13)
  5 crimson imps
  5 howler monkeys
  A quasit (D:12)
  A bullfrog zombie (D:12)
  5 hounds
  6 jellies
  Crazy Yiuf (D:4)
  5 bullfrog skeletons
  A centaur skeleton (D:12)
  A gnoll shaman (D:5)
  3 orc priests
  11 orc wizards
  4 iguanas
  Ijyb (D:4)
  15 worker ants
  3 hound skeletons
  2 worker ant zombies
  6 gnolls
  A howler monkey skeleton (D:5)
  17 adders
  8 river rats (Sewer)
  2 shadow imps
  2 oozes
  3 worms
  4 dart slugs
  7 leopard geckos
  83 orcs
  6 ball pythons
  7 giant cockroaches
  6 goblins
  8 hobgoblins
  13 jackals
  25 kobolds
  8 quokkas
  15 bats
  9 frilled lizards
  A quokka skeleton (D:4)
  24 rats
420 creatures vanquished.

Vanquished Creatures (others)
  A black bear (D:7)
  A worker ant (D:7)
  An orc (D:11)
  5 toadstools (D:1)
8 creatures vanquished.

Grand Total: 428 creatures vanquished

Notes
Turn   | Place    | Note
-------+----------+-------------------------------------------
     0 | D:1      | namelastname112 the Draconian Assassin began the quest for
                  | the Orb.
     0 | D:1      | Reached XP level 1. HP: 17/17 MP: 1/1
    25 | D:1      | Reached skill level 1 in Dodging
   249 | D:1      | Reached XP level 2. HP: 25/25 MP: 2/2
   578 | D:1      | Reached XP level 3. HP: 25/30 MP: 3/3
  1080 | D:2      | Found an ancient bone altar of Kikubaaqudgha.
  1080 | D:2      | Found a hazy altar of Hepliaklqana.
  1083 | D:2      | Found a shadowy altar of Dithmenos.
  1291 | D:2      | Found a sacrificial altar of Ru.
  1291 | D:2      | Found a sparkling altar of Nemelex Xobeh.
  1333 | D:2      | Reached XP level 4. HP: 37/37 MP: 4/4
  1372 | D:2      | Found an iron altar of Okawaru.
  1531 | D:3      | Found a white marble altar of Elyvilon.
  1598 | D:3      | Became a worshipper of Elyvilon the Healer
  2141 | D:3      | Reached * piety under Elyvilon
  2260 | D:3      | Found a hide-covered altar of Uskayaw.
  2613 | D:4      | Reached XP level 5. HP: 36/45 MP: 5/5
  2657 | D:4      | Found a glowing drain.
  2669 | Sewer    | Entered a sewer
  2893 | Sewer    | Reached skill level 1 in Invocations
  3237 | Sewer    | Reached XP level 6. HP: 35/51 MP: 7/7
  3631 | Sewer    | Reached ** piety under Elyvilon
  3872 | D:4      | Found a staircase to the Ecumenical Temple.
  3906 | Temple   | Entered the Ecumenical Temple
  3926 | Temple   | Fell from the grace of Elyvilon
  3926 | Temple   | Became a worshipper of Zin the Law-Giver
  3926 | Temple   | Reached * piety under Zin
  3959 | D:4      | Reached skill level 2 in Invocations
  3964 | D:4      | Donated 59 gold pieces to Zin
  3972 | D:4      | Reached ** piety under Zin
  4077 | D:4      | Your scales start taking on a fiery red colour.
  4077 | D:4      | Reached XP level 7. HP: 51/58 MP: 8/8
  4077 | D:4      | Gained mutation: Your flesh is heat resistant. (rF+) [Red
                  | Draconian growth]
  4189 | D:4      | Noticed Ijyb
  4214 | D:4      | Killed Ijyb
  4239 | D:4      | Found a deep blue altar of Sif Muna.
  4312 | D:4      | Noticed Sigmund
  4316 | D:4      | Killed Sigmund
  4316 | D:4      | Reached skill level 5 in Stealth
  4316 | D:4      | Reached skill level 3 in Invocations
  4673 | D:4      | Found a runed door.
  4677 | D:4      | Noticed Crazy Yiuf
  4681 | D:4      | Killed Crazy Yiuf
  4837 | D:5      | Entered Level 5 of the Dungeon
  4837 | D:5      | Found a shimmering altar of Xom.
  4943 | D:5      | Reached XP level 8. HP: 51/67 MP: 10/10
  5084 | D:5      | Reached *** piety under Zin
  5178 | D:5      | Noticed Prince Ribbit
  5198 | D:5      | Killed Prince Ribbit
  5234 | D:5      | Noticed Menkaure
  5240 | D:5      | Killed Menkaure
  5240 | D:5      | Reached skill level 5 in Fighting
  5240 | D:5      | Reached skill level 4 in Invocations
  5673 | D:6      | Found a shadowy altar of Dithmenos.
  5982 | D:6      | Noticed Blork the orc
  5999 | D:6      | Killed Blork the orc
  5999 | D:6      | Reached skill level 5 in Short Blades
  6281 | D:6      | Reached XP level 9. HP: 73/75 MP: 12/12
  6557 | D:7      | Found a stormy altar of Qazlal.
  6746 | D:7      | Reached skill level 5 in Throwing
  6746 | D:7      | Reached skill level 5 in Invocations
  6763 | D:7      | Found a bloodstained altar of Trog.
  7095 | D:7      | Found Ijiap's Magic Scroll Shoppe.
  7104 | D:7      | Bought a scroll of teleportation for 39 gold pieces
  7168 | D:7      | Reached **** piety under Zin
  7208 | D:7      | Identified the Grimoire of Darkness and the Escort
  7459 | D:7      | Found an opulent altar of Gozag.
  8094 | D:8      | Reached skill level 5 in Dodging
  8252 | D:8      | Found Gumefieb's Antique Weapon Emporium.
  8338 | D:8      | Reached skill level 6 in Invocations
  9181 | D:8      | Reached XP level 10. HP: 80/84 MP: 14/14
  9908 | D:9      | Found a staircase to the Lair.
 10374 | D:9      | Found a staircase to the Orcish Mines.
 10599 | D:9      | Reached ***** piety under Zin
 10843 | D:9      | Noticed a fire giant
 10843 | D:9      | Noticed a brown ugly thing
 10966 | D:10     | Entered Level 10 of the Dungeon
 11213 | D:10     | Noticed Nergalle
 11225 | D:10     | Killed Nergalle
 11225 | D:10     | Reached skill level 7 in Invocations
 11559 | D:10     | Found Umoaw's Weapon Shoppe.
 12057 | D:8      | Bought a twisted rapier for 243 gold pieces
 12057 | D:8      | Identified the +10 rapier of Callousness {pierce, rF-
                  | Int+6} (You bought it in a shop on level 8 of the Dungeon)
 12120 | D:11     | Noticed a cyclops
 12125 | D:11     | Killed a cyclops
 12181 | D:11     | Noticed a cyclops
 12188 | D:11     | Killed a cyclops
 12313 | D:11     | Noticed Erica
 12344 | D:11     | Killed Erica
 12344 | D:11     | Reached skill level 8 in Invocations
 12344 | D:11     | Reached XP level 11. HP: 26/94 MP: 13/17
 13255 | D:12     | Noticed a green ugly thing
 13269 | D:12     | Killed a green ugly thing
 13306 | D:12     | Found Hamoqon's Distillery.
 13322 | D:12     | Noticed Josephine
 13368 | D:12     | Killed Josephine
 13368 | D:12     | Reached skill level 9 in Invocations
 14026 | D:12     | Noticed a two-headed ogre
 14053 | D:12     | Killed a two-headed ogre
 14053 | D:12     | Reached skill level 10 in Invocations
 14137 | D:12     | Noticed a deep elf mage
 14147 | D:12     | Killed a deep elf mage
 14151 | D:12     | Got a warped long sword {slice}
 14152 | D:12     | Identified the +4 long sword of Responsibility {slice,
                  | *Noise rElec rF+ Dex+6} (You took it off an orc on level 12
                  | of the Dungeon)
 14294 | D:12     | Reached ****** piety under Zin
 14842 | D:13     | Noticed a two-headed ogre
 15005 | D:12     | Killed a two-headed ogre
 15005 | D:12     | Reached XP level 12. HP: 32/104 MP: 19/19
 15956 | D:13     | Noticed a two-headed ogre
 15971 | D:13     | HP: 4/105 [troll (9)]
 15972 | D:13     | Slain by a troll

Vault maps used:
D:1:      ldierk_walled_garden
D:2:      okawaru_trees_1, minitemple, gammafunk_temple_overflow_statue,
          first_ration, grunt_decor_arrowhead, lemuel_flame_loot_1
D:3:      wad_crossroads, overflow_temple_1_default, elyvilon_altar_1
D:4:      nicolae_overflow_crystal_walls, minmay_temple_entry_large_hall,
          portal_sewer_entry_d, minmay_joined_circles, uniq_crazy_yiuf_cottage,
          uniq_ijyb, uniq_sigmund
D:5:      basic_altar, uniq_menkaure, uniq_prince_ribbit1
D:6:      grunt_dithmenos_smoke, uniq_blork_the_orc
D:7:      lemuel_crystal_altar, marbit_many_paths, basic_altar, serial_shops,
          nicolae_shop_statue_plus
D:8:      serial_shops, shop, blue_anna_alchemist
D:9:      grunt_lair_entry_orc_guard_hut, hiddenorc2_lemuel,
          mrwooster_statue_mirror, wad_scary_box
D:10:     serial_shops, shop, stair_cage_cross, uniq_nergalle
D:11:     uniq_erica
D:12:     serial_shops, shop_statue, minmay_misc_feat_four_crosses,
          uniq_josephine
Temple:   pf_slimified_temple
Sewer:    sewer_minmay_treatment

Skill      XL: |  1  2  3  4  5  6  7  8  9 10 11 |
---------------+----------------------------------+-----
Dodging        | 1 2 3 4 5 6 7 |  7.5
Throwing       | 2 3 4 5 6 |  6.0
Stealth        | 4 5 6 7 8 9 |  9.1
Fighting       | 3 4 5 6 8 9 |  9.4
Short Blades   | 3 4 5 6 7 8 |  8.4
Invocations    | 1 2 3 4 6 8 10 | 10.5

Action                   |  1- 3 |  4- 6 |  7- 9 | 10-12 || total
-------------------------+-------+-------+-------+-------++-------
Melee: Dagger            |   118 |   305 |   527 |   279 ||  1229
       Tailslap          |    11 |    31 |    74 |    87 ||   203
       Unarmed           |       |       |    14 |       ||    14
       Rapier            |       |       |       |   244 ||   244
Throw: Throwing net      |       |       |       |     1 ||     1
Invok: Donate Gold       |       |     1 |       |       ||     1
       Recite            |       |       |    19 |    20 ||    39
       Vitalisation      |       |       |     1 |     4 ||     5
 Abil: Breathe Fire      |       |       |    13 |    11 ||    24
Evoke: Wand              |       |       |     8 |       ||     8
  Use: Scroll            |       |       |    14 |     6 ||    20
       Potion            |       |       |       |     6 ||     6
 Stab: Sleeping          |     9 |    17 |     9 |     8 ||    43
       Distracted        |       |     1 |     1 |     3 ||     5
       Invisible         |       |       |     3 |     5 ||     8
       Confused          |       |       |     1 |     4 ||     5
       Paralysed         |       |       |       |     8 ||     8
       Held in net/web   |       |       |       |     1 ||     1
  Eat: Chunk             |     1 |     5 |     5 |    13 ||    24
       Ration            |       |     1 |     5 |     3 ||     9
Armor: Skin              |    31 |   104 |   161 |   126 ||   422
Dodge: Dodged            |    60 |   243 |   377 |   384 ||  1064

Table legend:
 A = Non-vault XP
 B = Vault XP
 C = Vault XP percentage of total XP
 D = Non-vault monster count
 E = Vault monster count
 F = Vault count percentage of total count
                 A         B        C        D         E       F
            +---------+---------+-------+---------+---------+-------
      Total |   17716 |    6269 |  26.1 |     308 |     113 |  26.8
            +---------+---------+-------+---------+---------+-------
        D:1 |      44 |       0 |   0.0 |      24 |       0 |   0.0
        D:2 |      65 |       0 |   0.0 |      24 |       0 |   0.0
        D:3 |      71 |       9 |  11.2 |      18 |       4 |  18.2
        D:4 |     446 |     378 |  45.9 |      27 |      11 |  28.9
        D:5 |     331 |     440 |  57.1 |      18 |       2 |  10.0
        D:6 |     775 |      91 |  10.5 |      21 |       1 |   4.5
        D:7 |    1319 |     250 |  15.9 |      21 |       1 |   4.5
        D:8 |    1054 |      97 |   8.4 |      33 |       1 |   2.9
        D:9 |    1035 |     919 |  47.0 |      21 |      37 |  63.8
       D:10 |     438 |     835 |  65.6 |      11 |       1 |   8.3
       D:11 |    2567 |     970 |  27.4 |      26 |       1 |   3.7
       D:12 |    6779 |    2010 |  22.9 |      43 |       6 |  12.2
       D:13 |    2792 |       0 |   0.0 |      21 |       0 |   0.0
      Sewer |       0 |     270 | 100.0 |       0 |      48 | 100.0
            +---------+---------+-------+---------+---------+-------
